 Dungeon Crawl Stone Soup version 0.23.0-33-g5e6c059fef (webtiles) character file.

Game seed: 1677595473426938315

4020 Jukra the Carver (level 10, -6/126 HPs)
             Began as a Minotaur Berserker on Feb 26, 2019.
             Was a High Priest of Trog.
             Mangled by a four-headed hydra (9 damage)
             ... on level 8 of the Dungeon.
             The game lasted 00:41:32 (6989 turns).

Jukra the Carver (Minotaur Berserker)               Turns: 6989, Time: 00:41:33

Health: -6/126     AC: 12    Str: 30    XL:     10   Next: 3%
Magic:  3/3        EV: 14    Int:  6    God:    Trog [*****.]
Gold:   212        SH:  0    Dex: 15    Spells: 9/9 levels left

rFire    . . .     SeeInvis .   N - +9 halberd "Beastslayer" {antimagic, rElec Int+2 Dex+2}
rCold    . . .     Gourm    .   (shield currently unavailable)
rNeg     + . .     Faith    +   p - +0 scale mail {rN+}
rPois    .         Spirit   .   (helmet restricted)
rElec    +         Reflect  .   w - +2 cloak {+Inv}
rCorr    +         Harm     .   H - +0 pair of gloves
MR       ++...                  (no boots)
Stlth    ..........             L - amulet of faith
HPRegen  1.31/turn              q - +3 ring of dexterity
MPRegen  0.08/turn              P - ring of resist corrosion

@: berserking, regenerating, very quick
A: retaliatory headbutt, horns 2
a: Berserk, Trog's Hand, Brothers in Arms, Renounce Religion, Evoke Invisibility


You were on level 8 of the Dungeon.
You worshipped Trog.
Trog was extremely pleased with you.
You were near starving.

You visited 2 branches of the dungeon, and saw 9 of its levels.
You also visited: Ossuary.

You collected 473 gold pieces.
You spent 261 gold pieces at shops.

Inventory:

Hand Weapons
 E - the +9 staff of Wucad Mu {channel}
   (You found it in an ossuary)
 K - a +0 falchion of flaming
 N - the +9 halberd "Beastslayer" (weapon) {antimagic, rElec Int+2 Dex+2}
   (You bought it in a shop on level 6 of the Dungeon)

   It reduces the magical energy of the wielder, and disrupts the spells and
   magical abilities of those hit.
   Natural abilities and divine invocations are not affected.
   It affects your intelligence (+2).
   It affects your dexterity (+2).
   It insulates you from electricity.
 O - a +2 antimagic great sword
Armour
 p - a +0 scale mail of positive energy (worn)
 w - a +2 cloak of invisibility (worn)
 H - a +0 pair of gloves (worn)
 I - a +0 shield
Jewellery
 d - an uncursed ring of magical power
 j - an uncursed ring of flight
 n - an uncursed ring of ice
 o - an uncursed ring of stealth
 q - a +3 ring of dexterity (left hand)
 L - an amulet of faith (around neck)
 P - a ring of resist corrosion (right hand)
Wands
 l - a wand of clouds (11)
 t - a wand of paralysis (7)
 u - a wand of flame (33)
 J - a wand of random effects (18)
 Q - a wand of polymorph (6)
Scrolls
 a - 2 scrolls of fog
 b - 3 scrolls of teleportation
 h - 10 scrolls of remove curse
 i - 3 scrolls of random uselessness {unknown}
 s - 2 scrolls of enchant weapon {unknown}
 x - a scroll of magic mapping {unknown}
 y - a scroll of enchant armour {unknown}
 M - a scroll of fear
Potions
 e - 2 potions of might
 f - a potion of heal wounds {unknown}
 g - 3 potions of brilliance
 k - 2 potions of resistance {unknown}
 m - 4 potions of agility
 z - 2 potions of curing {unknown}
 A - a potion of flight {unknown}
 B - 4 potions of haste
 C - 2 potions of berserk rage {unknown}
 D - a potion of cancellation {unknown}
 F - a potion of ambrosia {unknown}
Comestibles
 c - 16 rations
 r - a chunk of flesh


   Skills:
 + Level 6.6 Fighting
 - Level 10.0 Long Blades
 * Level 8.6 Polearms
 + Level 7.9 Armour
 + Level 6.1 Dodging
 - Level 0.1 Stealth
 - Level 1.4 Shields
 + Level 1.6 Evocations


You had 9 spell levels left.
You didn't know any spells.
Your spell library contained the following spells:

 Spells                   Type           Power        Failure   Level  Hunger
 Magic Dart               Conj           #...         67%         1    ##.....
 Blink                    Tloc           N/A          80%         2    ###....
 Call Imp                 Summ           #.......     80%         2    ###....
 Slow                     Hex            #.......     80%         2    ###....
 Conjure Flame            Conj/Fire      #.......     95%         3    ####...
 Mephitic Cloud           Conj/Pois/Air  #.......     95%         3    ####...


Dungeon Overview and Level Annotations

Branches:
Dungeon (8/15)             Temple (1/1) D:4
   Lair: D:8-11

Altars:
Ashenzari
Cheibriados
Dithmenos
Elyvilon
Fedhas
Gozag
Hepliaklqana
Kikubaaqudgha
Makhleb
Nemelex Xobeh
Okawaru
Qazlal
Ru
Sif Muna
Trog
Uskayaw
Vehumet
Wu Jian
Xom
Yredelemnul
Zin
The Shining One

Shops:
D:6 (   D:7 [


Innate Abilities, Weirdness & Mutations

You reflexively headbutt those who attack you in melee.
You have a pair of horns on your head.


Message History

* * * LOW HITPOINT WARNING * * *
The four-headed hydra bites you.
* * * LOW HITPOINT WARNING * * *
The four-headed hydra bites you.
* * * LOW HITPOINT WARNING * * *
Your skin crawls.
You feel resistant to hostile enchantments.
You are feeling hungry.
The four-headed hydra closely misses you.
You furiously retaliate!
You headbutt the four-headed hydra! The four-headed hydra bites you.
* * * LOW HITPOINT WARNING * * *
The four-headed hydra closely misses you. x2
A red film seems to cover your vision as you go berserk!
You feel yourself moving faster!
You feel mighty!
You are near starving!
The four-headed hydra bites you.
* * * LOW HITPOINT WARNING * * *
The four-headed hydra bites you!
You die...

....######.#####...####.##.......
....# #.# #...# #.##....... ....#
#.# #.(.# #.##.......
##########.#######.# #.##.######
...............###########.#
...#######.#####.)+.P≈PP##.#
..............##K.#≈≈≈≈P##.#
...##.........##D##P≈P)≈#..#
...##.........##@.#.....#.##
...##.........##..'...÷≈..#
...##.........##..'.P...### ###
...##.........##..'....≈# #####..
...##.........##..#.....# #......
###########..[.########## #.###..
##### #.............###.###..
....#######...................#..
.........##.............###...#..


You could see a four-headed hydra and a big kobold.

Vanquished Creatures
  2 dream sheep (D:8)
  2 yaks (D:8)
  Menkaure (D:7)
  Duvessa (D:4)
  An orc warrior (D:7)
  2 sky beasts
  A black bear (D:7)
  2 phantoms
  4 ogres
  2 centaurs (D:7)
  2 big kobolds (D:8)
  4 bullfrogs
  3 water moccasin zombies (Ossuary)
  3 scorpions
  Dowan (D:4)
  A crimson imp (D:5)
  8 orc priests
  3 hounds
  A centaur skeleton (D:8)
  6 orc wizards
  Crazy Yiuf (D:5)
  A bullfrog skeleton (D:7)
  3 iguanas
  6 worker ants
  Terence (D:2)
  A killer bee zombie (D:6)
  4 big kobold zombies (Ossuary)
  2 mummies (Ossuary)
  Robin (D:4)
  4 gnolls (D:5)
  11 adders
  A shadow imp (D:5)
  9 adder zombies
  An ooze (D:4)
  2 adder skeletons
  3 worms
  A dart slug (D:3)
  2 leopard geckos
  38 orcs
  4 ball pythons
  3 bats (D:2)
  10 giant cockroaches
  15 goblins
  12 hobgoblins
  8 jackals
  3 quokkas
  5 frilled lizards
  A gnoll zombie (Ossuary)
  3 hobgoblin zombies (Ossuary)
  6 kobolds
  5 kobold zombies (Ossuary)
  7 orc zombies (Ossuary)
  A quokka skeleton (D:6)
  7 rats
232 creatures vanquished.

Notes
Turn   | Place    | Note
-------+----------+-------------------------------------------
     0 | D:1      | Jukra the Minotaur Berserker began the quest for the Orb.
     0 | D:1      | Reached XP level 1. HP: 19/19 MP: 0/0
    72 | D:1      | Reached skill level 4 in Long Blades
    73 | D:1      | Reached XP level 2. HP: 27/27 MP: 1/1
   472 | D:1      | Reached ** piety under Trog
   598 | D:2      | Reached XP level 3. HP: 21/33 MP: 2/2
   910 | D:2      | Reached skill level 5 in Long Blades
  1092 | D:2      | Reached XP level 4. HP: 38/40 MP: 3/3
  1107 | D:2      | Noticed Terence
  1123 | D:2      | Killed Terence
  1586 | D:3      | Reached XP level 5. HP: 37/46 MP: 4/4
  1587 | D:3      | Reached skill level 6 in Long Blades
  1747 | D:3      | Reached *** piety under Trog
  2247 | D:4      | Reached XP level 6. HP: 21/52 MP: 5/5
  2400 | D:4      | Found a staircase to the Ecumenical Temple.
  2452 | D:4      | Noticed Dowan
  2475 | D:4      | Killed Dowan
  2475 | D:4      | Reached skill level 7 in Long Blades
  2490 | D:4      | Noticed Duvessa
  2500 | D:4      | Killed Duvessa
  2500 | D:4      | Reached XP level 7. HP: 28/60 MP: 6/6
  2513 | D:4      | Noticed Robin
  2518 | D:4      | Reached skill level 5 in Armour
  2521 | D:4      | Killed Robin
  2953 | D:4      | Noticed a moth of wrath
  2956 | D:4      | Found a bloodstained altar of Trog.
  3325 | D:5      | Entered Level 5 of the Dungeon
  3637 | D:5      | Found a runed translucent door.
  3638 | D:5      | Noticed Crazy Yiuf
  3645 | D:5      | Killed Crazy Yiuf
  3645 | D:5      | Reached skill level 8 in Long Blades
  3737 | D:5      | Found a sand-covered staircase.
  3744 | Ossuary  | Entered an ossuary
  3744 | Ossuary  | Found the +9 staff of Wucad Mu {channel}
  3772 | Ossuary  | Reached skill level 1 in Evocations
  3795 | Ossuary  | Reached **** piety under Trog
  3811 | Ossuary  | Reached XP level 8. HP: 67/67 MP: 7/7
  4043 | Temple   | Entered the Ecumenical Temple
  4331 | D:5      | Reached skill level 9 in Long Blades
  4418 | D:5      | Reached skill level 5 in Dodging
  4440 | D:5      | Received a gift from Trog
  4537 | D:5      | Reached skill level 5 in Fighting
  4714 | D:6      | Reached skill level 1 in Shields
  5081 | D:6      | Reached skill level 10 in Long Blades
  5103 | D:6      | Found Zunaal's Antique Weapon Shop.
  5107 | D:6      | Bought an encrusted halberd for 261 gold pieces
  5112 | D:6      | Identified the +9 halberd "Beastslayer" {antimagic, rElec
                  | Int+2 Dex+2} (You bought it in a shop on level 6 of the
                  | Dungeon)
  5151 | D:6      | Found a white marble altar of Elyvilon.
  5407 | D:7      | Reached skill level 1 in Polearms
  5409 | D:7      | Reached ***** piety under Trog
  5417 | D:7      | Reached XP level 9. HP: 50/74 MP: 6/9
  5847 | D:7      | Noticed Menkaure
  5848 | D:7      | Received a gift from Trog
  5858 | D:7      | Killed Menkaure
  6088 | D:7      | Found Loanuz's Antique Armour Boutique.
  6098 | D:7      | Reached skill level 5 in Polearms
  6612 | D:8      | Found an opulent altar of Gozag.
  6956 | D:8      | Reached XP level 10. HP: 49/84 MP: 3/10
  6984 | D:8      | Noticed a two-headed hydra
  6988 | D:8      | HP: 4/84 [four-headed hydra (3)]
  6989 | D:8      | Mangled by a four-headed hydra

Skill      XL: |  1  2  3  4  5  6  7  8  9 |
---------------+----------------------------+-----
Long Blades    | 4 5 6 7 8 10 | 10.0
Fighting       | 4 5 6 |  6.6
Dodging        | 3 4 5 6 |  6.1
Armour         | 3 4 5 6 7 |  7.9
Evocations     | 1 |  1.6
Shields        | 1 |  1.4
Polearms       | 2 8 |  8.6
Stealth        | |  0.1

Action                   |  1- 3 |  4- 6 |  7- 9 | 10-12 || total
-------------------------+-------+-------+-------+-------++-------
Melee: Falchion          |    73 |    65 |    54 |       ||   192
       Headbutt          |     8 |    23 |    90 |     1 ||   122
       Long sword        |       |    52 |   148 |       ||   200
       Halberd           |       |       |   149 |     3 ||   152
Invok: Berserk           |     1 |     3 |     2 |     1 ||     7
       Trog's Hand       |     1 |     3 |       |     1 ||     5
  Use: Scroll            |     8 |     2 |     1 |       ||    11
       Potion            |     3 |       |       |       ||     3
  Eat: Chunk             |     1 |     8 |    18 |       ||    27
Armor: Animal skin       |    15 |     3 |       |       ||    18
       Ring mail         |       |    34 |    10 |       ||    44
       Scale mail        |       |       |   129 |     3 ||   132
Dodge: Dodged            |    49 |    74 |   227 |     6 ||   356
Block: Shield            |       |       |    24 |       ||    24
       Rpst.: Falchion   |     9 |    10 |     4 |       ||    23
       Long sword        |       |    12 |    33 |       ||    45
